Workbook

Sheet PRESUPUESTO
B1: PROYECTO: SUMINISTRO, REPARACIÓN E INSTALACIÓN DE TRANSFORMADORES Y MATERIALES ELÉCTRICOS REQUERIDOS EN DIFERENTES SITIOS DEL MUNICIPIO DE LA PAZ - CESAR
B2: ALCALDIA MUNICIPAL DE LA PAZ - CESAR
B3: SECRETARIA DE PLANEACION Y DESARROLLO TERRIRORIAL
B4: CONTIENE: PRESUPUESTO OFICIAL
A6: item | B6: DESCRIPCION DE OBJETO | C6: KM | D6: TIPO RUTA | E6: CANTIDAD | F6: UNIDAD | G6: Valor unitario | H6: Valor Total
A7: 1 | B7: INTALACION DE TRANSFORMADORES Y ACCESORIOS | H7: =SUM(H8:H20) -> 64486000
A8: 1.1 | B8: Suministro e intalación de transformador monofasico de 25 kva TP 13200 voltios TS 240/120 voltios tipo poste en aceite | C8: 24KM | D8: DESTAPADA | E8: 1 | F8: UNIDAD | G8: =APU!H26 -> 11290000 | H8: =+G8*E8 -> 11290000
A9: 1.2 | B9: Suministro e intalación de transformador Monofasico de 15 kva TP13200 voltios TS 240/120 voltios tipo poste en aceite | E9: 1 | F9: UNIDAD | G9: =APU!H48 -> 7844000 | H9: =+G9*E9 -> 7844000
A10: 1.3 | B10: Suministro e intalación de transformador Monofasico de 5 kva TP13200 voltios TS 240/120 voltios tipo poste en aceite | E10: 1 | F10: UNIDAD | G10: =APU!H70 -> 5440000 | H10: =+G10*E10 -> 5440000
A11: 1.4 | B11: Suministro e intalación de abrazadera o collarin para transformador de 7 a 8"1 salida bajo silicio de 180 mm | E11: 6 | F11: UNIDAD | G11: =APU!H92 -> 33966 | H11: 204000
A12: 1.5 | B12: Suministro e intalación de cortacircuitos de 27 kv - 125 kv - 100 amperios | E12: 6 | F12: UNIDAD | G12: =APU!H114 -> 328000 | H12: =+G12*E12 -> 1968000
A13: 1.6 | B13: Suministro e intalación de crucetas metálicas auto soportada galvanizado en Caliente 1/4x3x2,40 metros | E13: 8 | F13: UNIDAD | G13: =APU!H136 -> 212000 | H13: =+G13*E13 -> 1696000
A14: 1.7 | B14: Suministro e intalación de fusibles de soga de alta tensión de 1 amp-15 kv | E14: 10 | F14: UNIDAD | G14: =APU!H158 -> 4500 | H14: =+G14*E14 -> 45000
A15: 1.8 | B15: Suministro e intalación de fusibles de soga de alta tension de 2 amp-15 kv | E15: 10 | F15: UNIDAD | G15: =APU!H180 -> 4500 | H15: =+G15*E15 -> 45000
A16: 1.9 | B16: Suministro e intalación de cable cobre forrado THHN # 2 | E16: 90 | F16: METROS | G16: =APU!H204 -> 29800 | H16: =+G16*E16 -> 2682000
A17: 1.10 | B17: Suministro e intalación de pararrayos sintenticos de 12 kv -10 ka | E17: 10 | F17: UNIDAD | G17: =APU!H226 -> 198000 | H17: =+G17*E17 -> 1980000
A18: 1.11 | B18: Suministro e intalación de varillas cooperwell cobre - cobre 5/8 x 1,80 metros con conector | E18: 8 | F18: UNIDAD | G18: =APU!H248 -> 224000 | H18: =+G18*E18 -> 1792000
A19: 1.12 | B19: Suministro e intalación de cable aluminio ACSR #2 | E19: 4000 | F19: METROS | G19: =APU!H270 -> 5200 | H19: =+G19*E19 -> 20800000
A20: 1.13 | B20: Suministro e intalación de cable aluminio ACSR #4 | E20: 3000 | F20: METROS | G20: =APU!H292 -> 2900 | H20: =+G20*E20 -> 8700000
A21: A | B21: REPARACION DE TRANSFORMADORES | H21: =SUM(H22:H24) -> 18844000
A22: 2.1 | B22: Reparación de dos (2) transformadores monofásicos de 25 kva TP 13200 voltios TS voltios TS 240/120 voltios tipo poste en aceite | E22: 2 | F22: UNIDAD | G22: =APU!H326 -> 2800000 | H22: =+G22*E22 -> 5600000
A23: 2.2 | B23: Reparacion de cuatro (4) transformadores monofasicos de 15 kva TP 13200 voltios TS voltios TS 240/120 voltios tipo poste en aceite | E23: 4 | F23: UNIDAD | G23: =APU!H361 -> 2333500 | H23: =+G23*E23 -> 9334000
A24: 2.3 | B24: Reparación de dos (2) transformadores monofásicos de 5 kva TP 13200 voltios TS voltios TS 240/120 voltios tipo poste en aceite | C24: 16KM | D24: DESTAPADA | E24: 2 | F24: UNIDAD | G24: =APU!H392 -> 1955000 | H24: =+G24*E24 -> 3910000
A25: TOTALES COSTO DIRECTOS | C25: 50KM | D25: DESTAPADA | H25: =+H7+H21 -> 83330000
A26: ADMINISTRACION | G26: 0.15 | H26: =+H25*G26 -> 12499500
A27: IMPREVISTOS | G27: 0.01 | H27: =+H25*G27 -> 833300
A28: UTILIDAD | G28: 0.04 | H28: =+H25*G28 -> 3333200
A29: AIU 20% | H29: =SUM(H26:H28) -> 16666000
A30: TOTAL PROYECTO | H30: =+H29+H25 -> 99996000
B33: EDGARDO JESUS AROCA MINDIOLA
B34: Secretario de Planeacion y Desarrollo Territorial
B35: Municipio de La Paz - Cesar

Sheet APU
B1: PROYECTO: SUMINISTRO, REPARACIÓN E INSTALACIÓN DE TRANSFORMADORES Y MATERIALES ELÉCTRICOS REQUERIDOS EN DIFERENTES SITIOS DEL MUNICIPIO DE LA PAZ - CESAR
B2: ALCALDIA MUNICIPAL DE LA PAZ - CESAR
B3: SECRETARIA DE PLANEACION Y DESARROLLO TERRIRORIAL
B4: CONTIENE: ANALISIS DE PRECIOS UNITARIOS ENERO 2024
A6: =+PRESUPUESTO!B8 -> Suministro e intalación de transformador monofasico de 25 kva TP 13200 voltios TS 240/120 voltios tipo poste en aceite | G6: APU | H6: =+PRESUPUESTO!A8 -> 1.1
G7: UNIDAD | H7: UND
A8: MATERIALES.
A9: ITEM | B9: DESCRIPCION | D9: UN. | E9: HORA | F9: CANT. | G9: V/UNITARIO | H9: V/PARCIAL
A10: 1 | B10: =+A6 -> Suministro e intalación de transformador monofasico de 25 kva TP 13200 voltios TS 240/120 voltios tipo poste en aceite | D10: Und | F10: 1 | G10: 10980700 | H10: =+G10*F10 -> 10980700
A11: Subtotal Materiales | H11: =SUM(H10:H10) -> 10980700
A12: TRANSPORTE.
A13: ITEM | B13: DESCRIPCION | D13: CANT. | E13: HORA | F13: REND. | G13: V/JORNAL | H13: V/PARCIAL
A14: 1 | B14: Camioneta ford doble cabina 4X4 | D14: Und | E14: 1 | F14: 1 | G14: 120000 | H14: =(F14*G14)*E14 -> 120000
A15: Subtotal Transporte | H15: =SUM(H14:H14) -> 120000
A16: MAQUINARIA Y EQUIPOS.
A17: ITEM | B17: DESCRIPCION | C17: UN. | D17: CANT. | E17: HORA | F17: REND. | G17: V/JORNAL | H17: V/PARCIAL
A18: 1 | B18: Herramienta menor. | C18: GLB | D18: 0.1 | F18: 1 | G18: 18000 | H18: =+D18*G18*F18 -> 1800
A19: Subtotal Maquinaria y Equipos | H19: =SUM(H18:H18) -> 1800
A20: MANO DE OBRA.
A21: ITEM | B21: DESCRIPCION | D21: CANT. | E21: HORA | F21: REND. | G21: V/JORNAL | H21: V/PARCIAL
A22: 1 | B22: Oficial | D22: 1 | E22: 1.5 | F22: 1 | G22: 85000 | H22: =(+G22*F22)*E22 -> 127500
A23: 2 | B23: Ayudante | D23: 1 | E23: 1.5 | F23: 1 | G23: 40000 | H23: =(+G23*F23)*E23 -> 60000
H24: =SUM(H22:H23) -> 187500
A26: TOTAL VALOR UNITARIO | H26: =H11+H19+H15+H24 -> 11290000
A28: =+PRESUPUESTO!B9 -> Suministro e intalación de transformador Monofasico de 15 kva TP13200 voltios TS 240/120 voltios tipo poste en aceite | G28: APU | H28: =+PRESUPUESTO!A9 -> 1.2
G29: UNIDAD | H29: UND
A30: MATERIALES.
A31: ITEM | B31: DESCRIPCION | D31: UN. | E31: HORA | F31: CANT. | G31: V/UNITARIO | H31: V/PARCIAL
A32: 1 | B32: =+A28 -> Suministro e intalación de transformador Monofasico de 15 kva TP13200 voltios TS 240/120 voltios tipo poste en aceite | D32: Und | F32: 1 | G32: 7534700 | H32: =+G32*F32 -> 7534700
A33: Subtotal Materiales | H33: =SUM(H32:H32) -> 7534700
A34: TRANSPORTE.
A35: ITEM | B35: DESCRIPCION | D35: CANT. | E35: HORA | F35: REND. | G35: V/JORNAL | H35: V/PARCIAL
A36: 1 | B36: Camioneta ford doble cabina 4X4 | D36: Und | E36: 1 | F36: 1 | G36: 120000 | H36: =(F36*G36)*E36 -> 120000
A37: Subtotal Transporte | H37: =SUM(H36:H36) -> 120000
A38: MAQUINARIA Y EQUIPOS.
A39: ITEM | B39: DESCRIPCION | C39: UN. | D39: CANT. | E39: HORA | F39: REND. | G39: V/JORNAL | H39: V/PARCIAL
A40: 1 | B40: Herramienta menor. | C40: GLB | D40: 0.1 | F40: 1 | G40: 18000 | H40: =+D40*G40*F40 -> 1800
A41: Subtotal Maquinaria y Equipos | H41: =SUM(H40:H40) -> 1800
A42: MANO DE OBRA.
A43: ITEM | B43: DESCRIPCION | D43: CANT. | E43: HORA | F43: REND. | G43: V/JORNAL | H43: V/PARCIAL
A44: 1 | B44: Oficial | D44: 1 | E44: 1.5 | F44: 1 | G44: 85000 | H44: =(+G44*F44)*E44 -> 127500
A45: 2 | B45: Ayudante | D45: 1 | E45: 1.5 | F45: 1 | G45: 40000 | H45: =(+G45*F45)*E45 -> 60000
H46: =SUM(H44:H45) -> 187500
A48: TOTAL VALOR UNITARIO | H48: =H33+H41+H37+H46 -> 7844000
A50: =+PRESUPUESTO!B10 -> Suministro e intalación de transformador Monofasico de 5 kva TP13200 voltios TS 240/120 voltios tipo poste en aceite | G50: APU | H50: =+PRESUPUESTO!A10 -> 1.3
G51: UNIDAD | H51: UND
A52: MATERIALES.
A53: ITEM | B53: DESCRIPCION | D53: UN. | E53: HORA | F53: CANT. | G53: V/UNITARIO | H53: V/PARCIAL
A54: 1 | B54: =+A50 -> Suministro e intalación de transformador Monofasico de 5 kva TP13200 voltios TS 240/120 voltios tipo poste en aceite | D54: Und | F54: 1 | G54: 5130700 | H54: =+G54*F54 -> 5130700
A55: Subtotal Materiales | H55: =SUM(H54:H54) -> 5130700
A56: TRANSPORTE.
A57: ITEM | B57: DESCRIPCION | D57: CANT. | E57: HORA | F57: REND. | G57: V/JORNAL | H57: V/PARCIAL
A58: 1 | B58: Camioneta ford doble cabina 4X4 | D58: Und | E58: 1 | F58: 1 | G58: 120000 | H58: =(F58*G58)*E58 -> 120000
A59: Subtotal Transporte | H59: =SUM(H58:H58) -> 120000
A60: MAQUINARIA Y EQUIPOS.
A61: ITEM | B61: DESCRIPCION | C61: UN. | D61: CANT. | E61: HORA | F61: REND. | G61: V/JORNAL | H61: V/PARCIAL
A62: 1 | B62: Herramienta menor. | C62: GLB | D62: 0.1 | F62: 1 | G62: 18000 | H62: =+D62*G62*F62 -> 1800
A63: Subtotal Maquinaria y Equipos | H63: =SUM(H62:H62) -> 1800
A64: MANO DE OBRA.
A65: ITEM | B65: DESCRIPCION | D65: CANT. | E65: HORA | F65: REND. | G65: V/JORNAL | H65: V/PARCIAL
A66: 1 | B66: Oficial | D66: 1 | E66: 1.5 | F66: 1 | G66: 85000 | H66: =(+G66*F66)*E66 -> 127500
A67: 2 | B67: Ayudante | D67: 1 | E67: 1.5 | F67: 1 | G67: 40000 | H67: =(+G67*F67)*E67 -> 60000
H68: =SUM(H66:H67) -> 187500
A70: TOTAL VALOR UNITARIO | H70: =H55+H63+H59+H68 -> 5440000
A72: =+PRESUPUESTO!B11 -> Suministro e intalación de abrazadera o collarin para transformador de 7 a 8"1 salida bajo silicio de 180 mm | G72: APU | H72: =+PRESUPUESTO!A11 -> 1.4
G73: UNIDAD | H73: UND.
A74: MATERIALES.
A75: ITEM | B75: DESCRIPCION | D75: UN. | E75: HORA | F75: CANT. | G75: V/UNITARIO | H75: V/PARCIAL
A76: 1 | B76: =+A72 -> Suministro e intalación de abrazadera o collarin para transformador de 7 a 8"1 salida bajo silicio de 180 mm | D76: Und | F76: 1 | G76: 30326 | H76: =+G76*F76 -> 30326
A77: Subtotal Materiales | H77: =SUM(H76:H76) -> 30326
A78: TRANSPORTE.
A79: ITEM | B79: DESCRIPCION | D79: CANT. | E79: HORA | F79: REND. | G79: V/JORNAL | H79: V/PARCIAL
A80: 1 | B80: Camioneta ford doble cabina 4X4 | D80: Und | E80: 1 | F80: 0.005 | G80: 120000 | H80: =(F80*G80)*E80 -> 600
A81: Subtotal Transporte | H81: =SUM(H80:H80) -> 600
A82: MAQUINARIA Y EQUIPOS.
A83: ITEM | B83: DESCRIPCION | C83: UN. | D83: CANT. | E83: HORA | F83: REND. | G83: V/JORNAL | H83: V/PARCIAL
A84: 1 | B84: Herramienta menor. | C84: GLB | D84: 0.03 | F84: 1 | G84: 18000 | H84: =+D84*G84*F84 -> 540
A85: Subtotal Maquinaria y Equipos | H85: =SUM(H84:H84) -> 540
A86: MANO DE OBRA.
A87: ITEM | B87: DESCRIPCION | D87: CANT. | E87: HORA | F87: REND. | G87: V/JORNAL | H87: V/PARCIAL
A88: 1 | B88: Oficial | D88: 1 | E88: 0.02 | F88: 1 | G88: 85000 | H88: =(+G88*F88)*E88 -> 1700
A89: 2 | B89: Ayudante | D89: 1 | E89: 0.02 | F89: 1 | G89: 40000 | H89: =(+G89*F89)*E89 -> 800
H90: =SUM(H88:H89) -> 2500
A92: TOTAL VALOR UNITARIO | H92: =H77+H85+H81+H90 -> 33966
A94: =+PRESUPUESTO!B12 -> Suministro e intalación de cortacircuitos de 27 kv - 125 kv - 100 amperios | G94: APU | H94: =+PRESUPUESTO!A12 -> 1.5
G95: UNIDAD | H95: UND.
A96: MATERIALES.
A97: ITEM | B97: DESCRIPCION | D97: UN. | E97: HORA | F97: CANT. | G97: V/UNITARIO | H97: V/PARCIAL
A98: 1 | B98: =+A94 -> Suministro e intalación de cortacircuitos de 27 kv - 125 kv - 100 amperios | D98: Und | F98: 1 | G98: 312960 | H98: =+G98*F98 -> 312960
A99: Subtotal Materiales | H99: =SUM(H98:H98) -> 312960
A100: TRANSPORTE.
A101: ITEM | B101: DESCRIPCION | D101: CANT. | E101: HORA | F101: REND. | G101: V/JORNAL | H101: V/PARCIAL
A102: 1 | B102: Camioneta ford doble cabina 4X4 | D102: Und | E102: 1 | F102: 0.1 | G102: 120000 | H102: =(F102*G102)*E102 -> 12000
A103: Subtotal Transporte | H103: =SUM(H102:H102) -> 12000
A104: MAQUINARIA Y EQUIPOS.
A105: ITEM | B105: DESCRIPCION | C105: UN. | D105: CANT. | E105: HORA | F105: REND. | G105: V/JORNAL | H105: V/PARCIAL
A106: 1 | B106: Herramienta menor. | C106: GLB | D106: 0.03 | F106: 1 | G106: 18000 | H106: =+D106*G106*F106 -> 540
A107: Subtotal Maquinaria y Equipos | H107: =SUM(H106:H106) -> 540
A108: MANO DE OBRA.
A109: ITEM | B109: DESCRIPCION | D109: CANT. | E109: HORA | F109: REND. | G109: V/JORNAL | H109: V/PARCIAL
...

Sheet desgloce AIU
B1: PROYECTO: SUMINISTRO, REPARACIÓN E INSTALACIÓN DE TRANSFORMADORES Y MATERIALES ELÉCTRICOS REQUERIDOS EN DIFERENTES SITIOS DEL MUNICIPIO DE LA PAZ - CESAR
B2: ALCALDIA MUNICIPAL DE LA PAZ, DEPARTAMENTO DEL CESAR
B3: CONTIENE: CALCULO DE AIU
A5: DESGLOSE DEL AIU
A6: Codigo | B6: Descripción | C6: Unidad | D6: Cantidad | E6: Valor Unitario | F6: Valor Parcial | G6: Valor Capitulo
A7: 1 | B7: ADMINISTRACION | C7: % | D7: 15 | G7: =SUM(F8:F12) -> 6800000
A8: 1.1 | B8: Recurso Humano | D8: 1 | E8: 2500000 | F8: =+E8*D8 -> 2500000
A9: 1.3 | B9: Ensayos de laboratorio para materiales, pruebas de resistencia de equipos y otras, requeridas para verificar el cumplimiento de las normas técnicas y códigos vigentes. | D9: 1 | E9: 1000000 | F9: =+E9*D9 -> 1000000
A10: 1.4 | B10: Elaboración de planos finales de obra, manuales, etc. | D10: 1 | E10: 1200000 | F10: =+E10*D10 -> 1200000
A11: 1.5 | B11: Elaboracion de plano record e informe | D11: 1 | E11: 1200000 | F11: =+E11*D11 -> 1200000
A12: 1.6 | B12: Copias/ Fotocopias/ Fotografías | D12: 1 | E12: 900000 | F12: =+E12*D12 -> 900000
A13: 1.7 | B13: LEGALIZACION Y PERFECCIONAMIENTO | G13: =+G14 -> 5699500
A14: 1.7.1 | B14: Pólizas, publicación, impuestos, y demás gastos afines que apliquen a la legalización del contrato. | G14: 5699500 | M14: GTV V VVVVVVVVVVVVVVVVV V
A15: SUBTOTAL | G15: =+G14+G7 -> 12499500 | H15: 12499500 | J15: 83330000
J16: 12499500
A17: 1 | B17: ADMINISTRACION | C17: % | D17: 15 | G17: =G15 -> 12499500 | J17: 833300
A18: 2 | B18: IMPREVISTOS | C18: % | D18: 1 | G18: =+G23*D18% -> 833300 | H18: 833300 | J18: 3333200
A19: 3 | B19: UTILIDAD | C19: % | D19: 4 | G19: =+G23*D19% -> 3333200 | H19: 3333200 | J19: 16666000
J20: 99996000
A21: A.I.U. | C21: % | D21: =+D19+D18+D7 -> 20 | G21: =+G17+G18+G19 -> 16666000
A23: COSTO DIRECTO DE LA OBRA | G23: =+PRESUPUESTO!H25 -> 83330000
B28: EDGARDO JESUS AROCA MINDIOLA
B29: Secretaria de Planeacion y Desarrollo Territorial
B30: Municipio de La Paz - Cesar
